 Dungeon Sprint DCSS version 0.31-a0-963-ga325b2283a (webtiles) character file.

Game seed: 8080009270390033964

45012 sircluck the Brawler (level 13, -23/213 (234) HPs)
             Began as a Troll Berserker on Oct 25, 2023.
             Was a High Priest of Trog.
             Killed from afar by a shadow dragon (45 damage)
             ... with a bolt of negative energy
             ... in the Dungeon (Sprint VII: "The Pits").
             The game lasted 00:09:54 (2203 turns).

sircluck the Brawler (Troll Berserker)              Turns: 2203, Time: 00:09:54

HP:   -23/213 (234) AC: 11    Str: 36    XL:     13   Next: 99%
MP:   0/12          EV: 16    Int:  2    God:    Trog [*****.]
Gold: 9             SH:  4    Dex: 11    Spells: 12/12 levels left

rFire   . .          .
                       - Unarmed
rCold   . . .        (no shield)
rNeg    . . .        r - +0 troll leather armour
rPois   .            (helmet restricted)
rElec   .            (no cloak)
rCorr   .            (gloves unavailable)
SInv    .            (boots unavailable)
Will    .....        B - amulet of guardian spirit Stlth
                     l - +3 ring of dexterity
HPRegen 2.15/turn    o - +3 ring of protection
MPRegen 0.13/turn

%: no teleportation, guardian spirit
@: berserking (expiring), drained, very quick
A: large, unfitting armour, claws 3, regeneration 1, shaggy fur 2, tough skin 1,
large bone plates 1, strong 1
a: Renounce Religion, Berserk, Trog's Hand, Brothers in Arms


You were in the Dungeon.
You worshipped Trog.
Trog was extremely pleased with you.
You visited 1 branch You collected 9 gold pieces.

Inventory:

Missiles
 p - 4 large rocks
Armour
 a - a +0 animal skin
 k - +0 acid dragon scales
 r - a +0 troll leather armour (worn)
Jewellery
 l - a +3 ring of dexterity (left claw)
 o - a +3 ring of protection (right claw)
 q - a ring of protection from fire
 B - an amulet of guardian spirit (around neck)
Wands
 s - a wand of quicksilver (15)
 t - a wand of flame (12)
 D - a wand of digging (6)
Scrolls
 g - 3 scrolls of blinking
 i - 2 scrolls of vulnerability
 j - a scroll of summoning
 v - 4 scrolls of enchant armour
 w - a scroll of fear
 x - 2 scrolls of identify
 y - a scroll of fog
 z - 2 scrolls of enchant weapon
 A - a scroll of immolation
Potions
 b - 9 potions of curing
 c - 5 potions of heal wounds
 d - 2 potions of haste
 e - 4 potions of magic
 f - 4 potions of berserk rage
 h - 2 potions of invisibility
 m - a potion of mutation
 n - 2 potions of resistance


   Skills:
 + Level 17.3 Fighting
 + Level 15.4 Armour
 + Level 17.3 Dodging
 + Level 20.2 Unarmed Combat


You had 12 spell levels left.
You didn't know any spells.
Your spell library was empty.

Dungeon Overview and Level Annotations

Branches:
Dungeon (1/1)

Altars:
Ashenzari
Cheibriados
Dithmenos
Elyvilon
Fedhas
Gozag
Hepliaklqana
Kikubaaqudgha
Makhleb
Nemelex Xobeh
Okawaru
Qazlal
Ru
Sif Muna
Trog
Uskayaw
Vehumet
Wu Jian
Xom
Yredelemnul
Zin
The Shining One
Jiyva
Lugonu


Innate Abilities, Weirdness & Mutations

You are too large for most types of armour.
You have claws for hands.
Your natural rate of healing is unusually fast.
You are covered in thick fur. (AC +2)
You have tough skin. (AC +1)
You are partially covered in large bone plates. (SH +4)
Your muscles are strong. (Str +4, Int/Dex -1)


Message History

The golden dragon claws you!
* * * LOW HITPOINT WARNING * * *
The golden dragon tramples you.
* * * LOW HITPOINT WARNING * * *
You stumble backwards!
You claw the golden dragon!
The golden dragon is lightly wounded.
You mangle the golden dragon!!
The golden dragon is heavily wounded.
You mangle the golden dragon!! You claw the golden dragon!!
The golden dragon is almost dead.
The golden dragon bites you!!
* * * LOW HITPOINT WARNING * * *
The golden dragon claws you.
* * * LOW HITPOINT WARNING * * *
The golden dragon tramples you!
* * * LOW HITPOINT WARNING * * *
You stumble backwards!
You claw the golden dragon!
You kill the golden dragon!
Trog accepts your kill.
The gold dragon scales are intact enough to wear.
Things that are here:
+0 gold dragon scales; a golden dragon corpse You mangle the shadow dragon!!
The shadow dragon is moderately wounded.
You barely miss the shadow dragon.
The shadow dragon is moderately wounded.
The shadow dragon bites you!
* * * LOW HITPOINT WARNING * * *
You feel drained.
* * * LOW HITPOINT WARNING * * *
The shadow dragon misses you. The shadow dragon barely misses you.
You eviscerate the shadow dragon!!!
The shadow dragon is heavily wounded.
You mangle the shadow dragon!! Your claw misses the shadow dragon.
The shadow dragon is severely wounded.
The shadow dragon breathes negative energy at you.
The bolt of negative energy hits you!!!
You feel drained.
You die...

#+#
##.##
...
...
#2#
#X#
#c#
#D#
#@#
#'#
#.#
#'#
#.#
#'#
#.#
#'#
#)#


You could see a shadow dragon (catching breath), a hell beast, a large
abomination and a yaktaur.

Vanquished Creatures
  A golden dragon (D)
  A Tzitzimitl (D)
  An Ice Fiend (D)
  A Hell Sentinel (D)
  An Executioner (D)
  A shadow dragon (D)
  A daeva (D)
  An emperor scorpion (D)
  A vampire knight (D)
  2 green draconians (D)
  A minotaur (D)
  2 blizzard demons (D)
  Snorg (D)
  A rakshasa (D)
  An occultist (D)
  A sixfirhy (D)
  A deep troll (D)
  3 bog bodies (D)
  A sea snake (D)
  A swamp dragon (D)
  A deep elf pyromancer (D)
  2 orc sorcerers (D)
  A wolf spider (D)
  A black mamba (D)
  2 molten gargoyles (D)
  A kobold demonologist (D)
  An unseen horror (D)
  A red devil (D)
  A wandering mushroom (D)
  A freezing wraith (D)
  2 guardian mummies (D)
  3 tarantellas (D)
  A glass eye (D)
  4 dream sheep (D)
  Sigmund (D)
  A shadow (D)
  2 yaks (D)
  A basilisk (D)
  3 acid dragons (D)
  Duvessa (D)
  A sky beast (D)
  2 ogres (D)
  A gnoll sergeant (D)
  A quasit (D)
  2 orc priests (D)
  A jelly (D)
  A gnoll bouda (D)
  2 iguanas (D)
  Ijyb (D)
  3 orc wizards (D)
  6 gnolls (D)
  An adder (D)
  A white imp (D)
  3 orcs (D)
  2 goblins (D)
  A hobgoblin (D)
  2 jackals (D)
  2 kobolds (D)
  A ball python zombie (D)
  2 frilled lizards (D)
  A rat (D)
92 creatures vanquished.

Vanquished Creatures (collateral kills)
  A deep elf master archer (D)
  An acid blob (D)
  A frost giant (D)
  A ghost moth (D)
  A vampire knight (D)
  An ettin (D)
  A great orb of eyes (D)
  A rakshasa (D)
  A hydra (D)
  An ogre mage (D)
  A merfolk avatar (D)
  5 two-headed ogres (D)
  A death knight (D)
  A fire crab (D)
  3 sea snakes (D)
  A lindwurm (D)
  An orc sorcerer (D)
  A cyclops (D)
  An eye of devastation (D)
  A merfolk siren (D)
  A gargoyle (D)
  A cane toad (D)
  A red devil (D)
  A merfolk (D)
  2 wyverns (D)
  4 yaks (D)
  A redback (D)
  5 wolves (D)
  A centaur (D)
  2 ogres (D)
  A phantom (D)
  Dowan (D)
  A jelly (D)
  2 orc wizards (D)
  2 gnolls (D)
  An adder skeleton (D)
  2 orcs (D)
55 creatures vanquished.

Grand Total: 147 creatures vanquished

Notes
Turn   | Place    | Note
-------+----------+-------------------------------------------
     0 | D        | sircluck the Troll Berserker began the quest for the Orb.
     0 | D        | Reached XP level 1. HP: 22/22 MP: 0/0
    18 | D        | Found a bloodstained altar of Trog.
    18 | D        | Found a shimmering blue altar of Sif Muna.
    18 | D        | Found a viscous altar of Jiyva.
    18 | D        | Found a hazy altar of Hepliaklqana.
    18 | D        | Found an opulent altar of Gozag.
    19 | D        | Found a glowing golden altar of the Shining One.
    19 | D        | Found a glowing silver altar of Zin.
    19 | D        | Found a basalt altar of Yredelemnul.
    19 | D        | Found a shimmering altar of Xom.
    19 | D        | Found an ornate altar of the Wu Jian Council.
    19 | D        | Found a sacrificial altar of Ru.
    19 | D        | Found a stormy altar of Qazlal.
    19 | D        | Found an iron altar of Okawaru.
    19 | D        | Found a sparkling altar of Nemelex Xobeh.
    19 | D        | Found a burning altar of Makhleb.
    19 | D        | Found a blossoming altar of Fedhas.
    19 | D        | Found a white marble altar of Elyvilon.
    19 | D        | Found a shadowy altar of Dithmenos.
    19 | D        | Found a snail-covered altar of Cheibriados.
    21 | D        | Found a radiant altar of Vehumet.
    21 | D        | Found a corrupted altar of Lugonu.
    22 | D        | Found a hide-covered altar of Uskayaw.
    22 | D        | Found an ancient bone altar of Kikubaaqudgha.
    22 | D        | Found a broken altar of Ashenzari.
    63 | D        | Reached ** piety under Trog
    80 | D        | Noticed a glass eye
   110 | D        | Killed a glass eye
   110 | D        | Reached *** piety under Trog
   111 | D        | Reached skill level 5 in Dodging
   111 | D        | Reached skill level 7 in Unarmed Combat
   111 | D        | Reached XP level 2. HP: 36/36 MP: 1/1
   111 | D        | Reached XP level 3. HP: 44/44 MP: 2/2
   111 | D        | Reached XP level 4. HP: 52/52 MP: 3/3
   111 | D        | Reached XP level 5. HP: 59/59 MP: 4/4
   179 | D        | Reached **** piety under Trog
   207 | D        | Reached XP level 6. HP: 68/68 MP: 5/5
   210 | D        | Reached ***** piety under Trog
   213 | D        | Received a gift from Trog
   214 | D        | Reached skill level 8 in Unarmed Combat
   221 | D        | Noticed Sigmund
   233 | D        | Killed Sigmund
   234 | D        | Reached skill level 9 in Unarmed Combat
   238 | D        | Noticed a sky beast
   239 | D        | Killed a sky beast
   240 | D        | Reached XP level 7. HP: 80/80 MP: 6/6
   315 | D        | Reached skill level 1 in Armour
   315 | D        | Reached skill level 10 in Unarmed Combat
   319 | D        | Received a gift from Trog
   326 | D        | Noticed a kobold demonologist
   330 | D        | Noticed a neqoxec
   332 | D        | Killed a kobold demonologist
   333 | D        | Reached XP level 8. HP: 91/91 MP: 7/7
   432 | D        | Noticed an orc sorcerer
   432 | D        | Noticed a cyclops
   438 | D        | Killed an orc sorcerer
   438 | D        | Received a gift from Trog
   439 | D        | Reached skill level 11 in Unarmed Combat
   441 | D        | Killed a cyclops
   442 | D        | Reached skill level 5 in Armour
   442 | D        | Reached XP level 9. HP: 61/101 MP: 8/8
   461 | D        | Noticed a merfolk
   461 | D        | Noticed a sea snake
   461 | D        | Noticed a lindwurm
   466 | D        | Killed a lindwurm
   467 | D        | Reached skill level 10 in Fighting
   467 | D        | Reached skill level 10 in Dodging
   467 | D        | Reached skill level 12 in Unarmed Combat
   472 | D        | HP: 5/102 [merfolk/+0 trident (16)]
   474 | D        | Killed a merfolk
   477 | D        | Killed a sea snake
   686 | D        | Noticed a molten gargoyle
   691 | D        | Killed a molten gargoyle
   708 | D        | Killed an unseen horror
   708 | D        | Received a gift from Trog
   709 | D        | Reached skill level 13 in Unarmed Combat
   709 | D        | Reached XP level 10. HP: 63/113 MP: 9/9
   768 | D        | Noticed a black mamba
   769 | D        | Noticed a death knight
   772 | D        | Killed a black mamba
   773 | D        | Noticed a sixfirhy
   778 | D        | Killed a sixfirhy
   782 | D        | Killed a death knight
   883 | D        | Noticed a deep troll
   884 | D        | Noticed a merfolk siren
   900 | D        | Killed a deep troll
   901 | D        | Reached skill level 14 in Unarmed Combat
   907 | D        | Killed a ghost moth
   909 | D        | Killed a merfolk siren
   914 | D        | Noticed a gargoyle
   915 | D        | Killed a gargoyle
   916 | D        | Reached XP level 11. HP: 101/124 MP: 1/10
   983 | D        | Noticed an ogre mage
   983 | D        | Noticed a two-headed ogre
   983 | D        | Noticed a two-headed ogre
   983 | D        | Noticed a two-headed ogre
   983 | D        | Noticed a two-headed ogre
   983 | D        | Noticed a two-headed ogre
   984 | D        | Noticed an ettin
   984 | D        | Noticed Dowan
   984 | D        | Noticed Ijyb
   990 | D        | Noticed a sea snake
   990 | D        | Killed an ogre mage
   991 | D        | Killed a two-headed ogre
   992 | D        | Noticed an orc sorcerer
   992 | D        | Received a gift from Trog
   993 | D        | Killed a two-headed ogre
   994 | D        | Reached skill level 10 in Armour
   994 | D        | Reached skill level 15 in Unarmed Combat
   995 | D        | Killed a two-headed ogre
   997 | D        | Killed a sea snake
  1001 | D        | Killed Dowan
  1001 | D        | Killed a two-headed ogre
  1007 | D        | Killed a two-headed ogre
  1008 | D        | Noticed a sun demon
  1008 | D        | Killed an ettin
  1009 | D        | Reached ****** piety under Trog
  1010 | D        | Reached skill level 16 in Unarmed Combat
  1015 | D        | Noticed Duvessa
  1023 | D        | Killed an orc sorcerer
  1023 | D        | Received a gift from Trog
  1030 | D        | Killed Duvessa
  1032 | D        | Killed Ijyb
  1172 | D        | Gained mutation: Your muscles are strong. (Str +4, Int/Dex
                  | -1) [potion of mutation]
  1172 | D        | Gained mutation: You are covered in thick fur. (AC +2)
                  | [potion of mutation]
  1172 | D        | Gained mutation: You are partially covered in large bone
                  | plates. (SH +4) [potion of mutation]
  1228 | D        | Received a gift from Trog
  1250 | D        | Noticed a bog body
  1250 | D        | Noticed a wolf spider
  1256 | D        | Killed a wolf spider
  1259 | D        | Killed a bog body
  1259 | D        | Identified the +9 great mace of Midwinter {flame, rElec
                  | rC+++ Will- rCorr} (Trog gifted it to you in the Dungeon)
  1259 | D        | Received a gift from Trog
  1260 | D        | Reached XP level 12. HP: 123/139 MP: 9/11
  1337 | D        | Noticed a minotaur
  1348 | D        | Killed a minotaur
  1408 | D        | Received a gift from Trog
  1521 | D        | Noticed an emperor scorpion
  1521 | D        | Noticed a shadow dragon
  1521 | D        | Noticed a rakshasa
  1526 | D        | Noticed a great orb of eyes
  1528 | D        | Noticed an Executioner
  1528 | D        | Noticed a green draconian
  1530 | D        | Killed a great orb of eyes
  1531 | D        | Reached skill level 17 in Unarmed Combat
  1533 | D        | Noticed a vampire knight
  1537 | D        | Killed an Executioner
  1538 | D        | Killed an emperor scorpion
  1543 | D        | Killed a green draconian
  1551 | D        | Killed a vampire knight
  1551 | D        | Received a gift from Trog
  1552 | D        | Reached skill level 15 in Fighting
  1552 | D        | Reached skill level 15 in Dodging
  1557 | D        | Killed a shadow dragon
  1561 | D        | Killed a rakshasa
  1567 | D        | Got the ring of Zulef {rPois MP+9 Str-4 Dex+4}
  1703 | D        | Noticed a rakshasa
  1703 | D        | Noticed a frost giant
  1704 | D        | Noticed a seven-headed hydra
  1706 | D        | Reached skill level 18 in Unarmed Combat
  1706 | D        | Noticed a green draconian
  1712 | D        | Noticed a merfolk avatar
  1717 | D        | Killed a frost giant
  1718 | D        | Reached XP level 13. HP: 122/150 MP: 9/12
  1718 | D        | Received a gift from Trog
  1724 | D        | Noticed a vampire knight
  1728 | D        | Killed a vampire knight
  1734 | D        | Noticed Snorg
  1744 | D        | Killed a green draconian
  1744 | D        | Received a gift from Trog
  1749 | D        | Killed Snorg
  1772 | D        | Identified the +0 giant spiked club "Jociv" {heavy, rN+
                  | rCorr} (Trog gifted it to you in the Dungeon)
  1772 | D        | Received a gift from Trog
  1847 | D        | Paralysed by an orc sorcerer for 5 turns
  1853 | D        | Reached skill level 19 in Unarmed Combat
  1874 | D        | Received a gift from Trog
  1952 | D        | Noticed an Ice Fiend
  1963 | D        | Killed an Ice Fiend
  2031 | D        | Noticed a blizzard demon
  2035 | D        | Killed a blizzard demon
  2035 | D        | Received a gift from Trog
  2054 | D        | Noticed a Tzitzimitl
  2061 | D        | Killed a Tzitzimitl
  2109 | D        | Noticed a blizzard demon
  2112 | D        | Killed a blizzard demon
  2117 | D        | Noticed a Hell Sentinel
  2124 | D        | Killed a Hell Sentinel
  2125 | D        | Reached skill level 15 in Armour
  2159 | D        | Noticed a golden dragon
  2159 | D        | Noticed a daeva
  2159 | D        | Noticed an acid blob
  2159 | D        | Noticed a shadow dragon
  2159 | D        | Noticed a deep elf master archer
  2162 | D        | Killed a deep elf master archer
  2166 | D        | Killed an acid blob
  2167 | D        | Reached skill level 20 in Unarmed Combat
  2192 | D        | Killed a daeva
  2198 | D        | Killed a golden dragon
  2203 | D        | Killed from afar by a shadow dragon

Illustrated notes

Levels and vault maps discovered:
D:        pitsprint [storerooms_1, entrance_room_1, metal_vault_1, armoury_1,
          mini_pit_1, grid_room_1, main_hall_1, silver_pit, the_coven_1,
          the_vestibule_1, steel_vault_1, golden_pit, hallway_of_sentries,
          crystal_vault_2, iron_vault_3, final_vault]

Skill      XL: |  1  2  3  4  5  6  7  8  9 10 11 12 13 |
---------------+----------------------------------------+-----
Fighting       | 6 8 9 11 12 14 15 17 | 17.3
Dodging        | 5 6 7 8 9 11 12 14 15 17 | 17.3
Unarmed Combat | 7 9 10 11 13 14 16 18 20 | 20.2
Armour         | 2 5 7 9 11 13 15 | 15.4

Action                     |  1- 3 |  4- 6 |  7- 9 | 10-12 | 13-15 || total
---------------------------+-------+-------+-------+-------+-------++-------
  Melee: Unarmed           |    35 |    30 |    57 |    94 |    84 ||   300
         Punch             |     1 |       |     2 |    14 |    10 ||    27
 Invoke: Brothers in Arms  |       |       |     2 |    12 |     5 ||    19
         Berserk           |       |       |       |     3 |     3 ||     6
    Use: Potion            |       |       |     3 |     4 |     8 ||    15
 Armour: Animal skin       |     7 |    15 |     5 |       |       ||    27
         Acid dragon scale |       |       |    54 |    55 |       ||   109
         Troll leather arm |       |       |       |    63 |    55 ||   118
  Dodge: Dodged            |     9 |    11 |    28 |    56 |    24 ||   128
  Block: Other             |       |       |       |    10 |     5 ||    15

Table legend: (Time is in decaauts)
 A = Elapsed time spent in this place.
 B = Non-inter-level travel time spent in this place.
 C = Inter-level travel time spent in this place.
 D = Time resting spent in this place.
 E = Time spent auto-exploring this place.
 F = Levels seen in this place.
 G = Mean time per level.
                   A        B        C        D        E       F      G
               +--------+--------+--------+--------+--------+-----+--------+
         Total |   2165 |   2072 |     93 |    726 |    256 |   1 | 2165.0 |
       Dungeon |   2165 |   2072 |     93 |    726 |    256 |   1 | 2165.0 |
               +--------+--------+--------+--------+--------+-----+--------+

Top non-repeatable levels by time:
       D: 2165 daAuts
